Cogmind - Beta 16 @@@ ROGUE MODE // 2025.11.03 @ 01:52:59 Player: Maxfecteau Result: Destroyed by B-75 Beast with Heavy Plasma Cannon Performance ------------- Evolutions (5) 2500 Regions Visited (12) 2400 Robots Destroyed (43) 215 Value Destroyed (1092) 1092 Prototype IDs (6) 120 Alien Tech Used (0) 0 Bonus (336) 336 TOTAL SCORE: 6663 Bonus ------- Follower Combat Kills 336 Cogmind --------- Core Integrity 0/1000 Matter 300/300 Energy 315/315 System Corruption 0% Temperature Cool (12) Movement Walking (120) Location -5/Extension Parts ------- > --- POWER (1) -------- Neutrino Core > --- PROPULSION (5) --- Carbon-fiber Leg Flexi-carbon Leg Flexi-carbon Leg > --- UTILITY (9) ------ Visual Processing Unit Terrain Scan Processor Improved Melee Analysis Suite Hacking Suite > --- WEAPON (2) ------- Wave Gun Wave Gun > --- INVENTORY (5) ---- Fission Core Flexi-carbon Leg Gauss Rifle Bore Cannon Phasing Sabre Peak State ------------ > --- POWER ------------ Neutrino Core > --- PROPULSION ------- Carbon-fiber Leg Flexi-carbon Leg Flexi-carbon Leg Flexi-carbon Leg Myomer Leg > --- UTILITY ---------- Visual Processing Unit Terrain Scan Processor Improved Melee Analysis Suite Improved Medium Armor Plating Improved Medium Armor Plating Hacking Suite > --- WEAPON ----------- Wave Gun Wave Gun > --- INVENTORY -------- Fission Core Flexi-carbon Leg Gauss Rifle Bore Cannon Improved Remote Datajack [Rating: 64] Favorites ----------- Power Light Nuclear Core Engine Ion Engine Power Core Light Nuclear Core Reactor Light Antimatter Reactor Propulsion Armored Huge Wheel Treads Light Treads Leg Flexi-carbon Leg Wheel Armored Huge Wheel Hover Unit Combat Airjet Flight Unit VTOL Module Utility Improved Medium Armor Plating Device Microactuators Storage Medium Storage Unit Processor Visual Processing Unit Hackware Hacking Suite Protection Improved Medium Armor Plating Weapon Wave Gun Energy Gun Wave Gun Ballistic Gun Assault Rifle Ballistic Cannon Flak Cannon Launcher Shock Bomb Launcher Slashing Weapon Greatsword Special Melee Weapon Dirty Datajack Build | -11 -10 -10 -10 -8 -7 -7 -7 -7 -6 -6 -5 -5 ------- Run | Yrd Mat Min Sub Mat Fac Low Low Zio Pro Fac Fac Ext Slots Evolved 10 | . . . . 4 2 . . . . 2 2 . Power . | . . . . . . . . . . . . . Propulsion 3 | . . . . 2 1 . . . . . . . Utility 7 | . . . . 2 1 . . . . 2 2 . Weapon . | . . . . . . . . . . . . . Parts Attached 98 | 6 2 3 . 11 3 8 1 . 13 2 4 45 Power 12 | 1 . 1 . 1 . 1 1 . 3 . 1 3 Engine 4 | 1 . 1 . 1 . . . . 1 . . . Core 7 | . . . . . . 1 1 . 1 . 1 3 Reactor 1 | . . . . . . . . . 1 . . . Propulsion 26 | 2 . 2 . . 2 . . . 3 . 1 16 Treads 8 | 2 . . . . . . . . . . . 6 Leg 10 | . . . . . . . . . . . . 10 Wheel 3 | . . . . . 2 . . . 1 . . . Hover 4 | . . 2 . . . . . . 1 . 1 . Flight 1 | . . . . . . . . . 1 . . . Utility 37 | 1 1 . . 5 1 6 . . 3 2 1 17 Device 12 | . . . . 2 1 1 . . . 1 1 6 Storage 4 | 1 . . . . . 2 . . . . . 1 Processor 7 | . . . . 1 . 1 . . 1 . . 4 Hackware 1 | . . . . . . . . . . 1 . . Protection 13 | . 1 . . 2 . 2 . . 2 . . 6 Artifact . | . . . . . . . . . . . . . Weapon 23 | 2 1 . . 5 . 1 . . 4 . 1 9 Energy Gun 6 | 1 1 . . . . . . . . . . 4 Energy Cannon . | . . . . . . . . . . . . . Ballistic Gun 5 | 1 . . . 2 . . . . . . . 2 Ballistic Cannon 1 | . . . . 1 . . . . . . . . Launcher 2 | . . . . 2 . . . . . . . . Special Weapon . | . . . . . . . . . . . . . Impact Weapon . | . . . . . . . . . . . . . Slashing Weapon 7 | . . . . . . 1 . . 2 . 1 3 Piercing Weapon . | . . . . . . . . . . . . . Special Melee Weapon 2 | . . . . . . . . . 2 . . . Unidentified Prototypes . | . . . . . . . . . . . . . Parts Lost 65 | . . . . 7 . 1 . . 16 1 4 36 Power 9 | . . . . 1 . 1 . . 2 1 1 3 Propulsion 18 | . . . . . . . . . 5 . 1 12 Utility 25 | . . . . 4 . . . . 6 . . 15 Weapon 13 | . . . . 2 . . . . 3 . 2 6 Highest Loss Streak 16 | . . . . 5 . 1 . . 10 1 4 16 To Critical Strikes 1 | . . . . . . . . . . . . 1 Average Backups 6 | . 3 6 7 7 7 8 8 9 6 4 4 4 Power . | . . . 1 . . . . . 1 2 2 1 Propulsion . | . . . . . 1 1 1 1 . . . . Utility 2 | . 2 5 5 5 4 4 3 3 1 . . 1 Weapon 1 | . 1 1 1 1 2 3 3 3 2 1 1 1 Tool/Special . | . . . . . . . . . . . . . Unused Backups 14 | . . . . 4 . . 2 . . . . 8 Power 2 | . . . . . . . . . . . . 2 Propulsion 2 | . . . . . . . . . . . . 2 Utility 4 | . . . . 3 . . 1 . . . . . Weapon 5 | . . . . 1 . . 1 . . . . 3 Tool/Special 1 | . . . . . . . . . . . . 1 Average Slot Usage (%) 66 | . 95 100 100 74 37 60 64 69 63 27 42 68 Engine 3 | . 14 14 14 8 . . . . 1 . 3 . Core 2 | . . . . . . 1 2 7 4 . . 4 Treads 3 | . 28 17 . . . . . . . . . 2 Leg 3 | . . . . . . . . . . . . 14 Wheel 6 | . . . . . 13 15 15 15 13 . . . Hover 3 | . . 11 28 18 1 . . . . 1 10 1 Device 6 | . . . . 10 6 9 15 15 7 . 5 6 Storage 5 | . 14 14 14 9 7 7 7 7 6 . . . Processor 5 | . . . . 5 7 8 . . . 6 5 14 Hackware 1 | . . . . . . . . . . 1 5 5 Protection 9 | . 9 14 14 8 . 8 15 15 14 . . 7 Energy Gun 4 | . 14 14 14 3 . . . . . . . 6 Ballistic Gun 2 | . 13 14 14 6 . . . . . . . . Slashing Weapon 3 | . . . . . . 6 7 7 6 6 6 1 Special Melee Weapon 1 | . . . . . . . . . 4 5 . . Peak Build Rating 64 | 6 9 18 18 28 26 44 47 47 48 30 35 64 Average Rating 36 | 4 8 13 18 23 24 40 44 47 40 19 26 53 On Entrance 23 | . 6 9 18 18 15 25 43 47 47 20 24 35 Avg Prop Armor Cover (%) 10 | . . . . . 23 8 7 . . . . 7 Naked Turns . | . . . . . . . . . . . . . Heaviest Build 42 | 14 22 22 22 32 6 28 31 31 38 15 16 42 Greatest Support 100 | 40 40 40 24 24 28 28 56 56 56 16 28 100 Greatest Overweight (x) 4 | . . 1 . 1 1 . 1 . 4 4 . 4 Average Overweight (x) . | . . . . . . . . . . 1 . . Largest Inventory Capacity 10 | 8 8 8 8 8 8 10 10 10 10 5 5 5 Average Capacity 7 | 7 8 8 8 8 8 9 10 10 9 5 5 5 Most Carried 10 | 1 6 7 7 8 8 10 10 10 10 5 5 5 Average Carried 6 | . 3 6 7 7 7 9 9 10 7 4 4 4 Final Capacity 10 | 8 8 8 8 8 8 10 10 10 5 5 5 5 Final Carried 10 | 1 6 7 7 6 8 10 10 10 3 4 4 5 Class Distribution -------------------- 53% | Mutant 21% | Derelict-Gladiator 19% | Scavenger-Mutant 6% | Derelict-Mutant Dominant Class ---------------- Mutant | -10/Materials Mutant | -10/Mines Mutant | -10/Subcaves Mutant | -8/Materials Mutant | -7/Factory Derelict-Mutant | -7/Lower Caves Derelict-Gladiator | -7/Lower Caves Derelict-Gladiator | -7/Zion Mutant | -6/Proximity Caves Mutant | -6/Factory Mutant | -5/Factory Scavenger-Mutant | -5/Extension Resources | -11 -10 -10 -10 -8 -7 -7 -7 -7 -6 -6 -5 -5 ----------- Run | Yrd Mat Min Sub Mat Fac Low Low Zio Pro Fac Fac Ext Matter Collected 1632 | 266 47 192 15 156 . 203 10 . 112 . . 631 Remotely . | . . . . . . . . . . . . . Salvage Created 1393 | 99 97 182 27 95 . 41 50 . 244 . . 558 Parts 83 | 2 9 14 3 14 . 2 3 . 7 . . 29 Haulers Intercepted . | . . . . . . . . . . . . . Recyclers Shooed 2 | 1 . 1 . . . . . . . . . . Parts Field Recycled . | . . . . . . . . . . . . . Retrieved Matter . | . . . . . . . . . . . . . Parts Self-Destructed 29 | . . . 9 . . 6 4 . 10 . . . Prevented . | . . . . . . . . . . . . . Parts Restored . | . . . . . . . . . . . . . Kills | -11 -10 -10 -10 -8 -7 -7 -7 -7 -6 -6 -5 -5 ------- Run | Yrd Mat Min Sub Mat Fac Low Low Zio Pro Fac Fac Ext Combat Hostiles Destroyed 36 | . 6 1 2 8 . 1 2 . 7 . . 9 Melee 12 | . . . . . . 1 2 . 7 . . 2 Guns 20 | . 6 1 2 5 . . . . . . . 6 Cannons 3 | . . . . 3 . . . . . . . . Classes Destroyed 9 | 1 1 3 . 1 . 1 . . . . . 2 Builder 2 | . . 2 . . . . . . . . . . Tunneler 1 | . . 1 . . . . . . . . . . Recycler 2 | 1 . 1 . . . . . . . . . . Watcher 1 | . . . . . . . . . . . . 1 Swarmer 26 | . 6 . 2 7 . . 2 . 6 . . 3 Grunt 3 | . . 1 . . . . . . 2 . . . Sentry 5 | . . . . 1 . . . . . . . 4 Hunter 2 | . . . . . . 1 . . . . . 1 Behemoth 1 | . . . . . . . . . . . . 1 Best Kill Streak 5 | 1 3 4 2 5 . 1 2 . 3 . . 4 Combat Bots Only 5 | . 3 1 2 5 . 1 2 . 3 . . 4 Max Kills in Single Turn 2 | 1 1 2 1 1 . 1 1 . 1 . . 1 Gunslinging . | . . . . . . . . . . . . . Exploded . | . . . . . . . . . . . . . Melee 1 | . . . . . . 1 1 . 1 . . 1 Uniques/NPCs Destroyed . | . . . . . . . . . . . . . Combat | -11 -10 -10 -10 -8 -7 -7 -7 -7 -6 -6 -5 -5 -------- Run | Yrd Mat Min Sub Mat Fac Low Low Zio Pro Fac Fac Ext Hostile Shots Fired 922 | . 42 5 11 181 1 21 30 . 213 27 21 370 Missed 305 | . 10 1 4 69 1 10 10 . 69 9 12 110 Hits 617 | . 32 4 7 112 . 11 20 . 144 18 9 260 Projectile 617 | . 32 4 7 112 . 11 20 . 144 18 9 260 AOE 3 | . . . . . . . . . . . 3 . Critical Strikes 10 | . 1 . . 2 . . . . 2 . . 5 Damage Taken 9928 | . 253 48 54 1524 . 110 294 . 2226 121 340 4958 Core 2220 | . 32 12 . 502 . 11 88 . 507 54 221 793 Absorbed by Shields 223 | . . . . . . . . . . . 9 214 Redirected to Shielding 16 | . . . . . . . 4 . 12 . . . Ignored by Resistances 166 | . . . . . . . . . . . 49 117 Core Remaining (%) 59 | 100 . . 82 8 . . . . 13 93 . . Volleys Fired 97 | 2 13 10 5 32 . . . . . . . 35 Largest 2 | 2 2 2 2 2 . . . . . . . 2 Hottest 162 | 60 85 85 85 85 . . . . . . . 162 Shots Fired 171 | 4 26 20 10 50 . . . . . . . 61 Gun 154 | 4 26 20 10 33 . . . . . . . 61 Cannon 13 | . . . . 13 . . . . . . . . Launcher 4 | . . . . 4 . . . . . . . . Special . | . . . . . . . . . . . . . Kinetic 67 | 2 13 10 5 30 . . . . . . . 7 Thermal 89 | . 4 10 5 16 . . . . . . . 54 Explosive . | . . . . . . . . . . . . . Electromagnetic 15 | 2 9 . . 4 . . . . . . . . Robot Hit Streak 14 | 1 2 3 5 7 . . . . . . . 14 Robot Miss Streak 5 | 1 4 2 3 4 . . . . . . . 5 Penetration Max . | . . . . . . . . . . . . . Secondary Targets 3 | . 3 . . . . . . . . . . . Max Gunslinging Chain 1 | . 1 . . . . . . . . . . . Shots Hit Robots 151 | 2 10 12 6 30 . 3 2 . 32 10 . 44 Core Hits 69 | 1 6 7 2 13 . 1 2 . 14 2 . 21 Critical Kills . | . . . . . . . . . . . . . Critical Parts Destroyed . | . . . . . . . . . . . . . Critical Strikes 7 | . . 1 1 . . 2 . . . . . 3 Burn 3 | . . 1 1 . . . . . . . . 1 Sever 4 | . . . . . . 2 . . . . . 2 Melee Attacks 85 | . . . . . . 3 3 . 45 11 9 14 Impact . | . . . . . . . . . . . . . Slashing 55 | . . . . . . 3 3 . 25 1 9 14 Piercing 30 | . . . . . . . . . 20 10 . . Sneak Attacks 9 | . . . . . . . . . 6 3 . . Combat Hostiles 4 | . . . . . . . . . 3 1 . . Follow-up Attacks . | . . . . . . . . . . . . . Damage Inflicted 3044 | 27 132 191 85 523 . 145 96 . 537 64 . 1244 Guns 1413 | 27 132 191 85 240 . . . . . . . 738 Cannons 165 | . . . . 165 . . . . . . . . Explosions 118 | . . . . 118 . . . . . . . . Melee 1334 | . . . . . . 145 96 . 537 64 . 492 Ramming 14 | . . . . . . . . . . . . 14 Kinetic 565 | . 53 102 54 257 . . . . . . . 99 Thermal 936 | . 29 89 31 148 . . . . . . . 639 Explosive . | . . . . . . . . . . . . . Electromagnetic 195 | 27 50 . . 118 . . . . . . . . Impact . | . . . . . . . . . . . . . Slashing 1253 | . . . . . . 145 96 . 482 38 . 492 Piercing 81 | . . . . . . . . . 55 26 . . Highest Corruption . | . . . . . . . . . . . . . Average Corruption . | . . . . . . . . . . . . . Corruption Purged . | . . . . . . . . . . . . . Corruption Blocked . | . . . . . . . . . . . . . Overload Shots . | . . . . . . . . . . . . . Overflow Damage 52 | . . . . 9 . . . . 36 . . 7 Projectiles . | . . . . . . . . . . . . . Explosions 9 | . . . . 9 . . . . . . . . Melee 43 | . . . . . . . . . 36 . . 7 Knockbacks 7 | . . . . 7 . . . . . . . . Impact . | . . . . . . . . . . . . . Kinetic 7 | . . . . 7 . . . . . . . . Secondary . | . . . . . . . . . . . . . Self-Inflicted Damage 5 | . . . . . . . . . . . . 5 Shots . | . . . . . . . . . . . . . Rammed 6 | . . . . . . . . . . . . 6 Targets Rammed 6 | . . . . . . . . . . . . 6 Kicked . | . . . . . . . . . . . . . Crushed . | . . . . . . . . . . . . . Highest Temperature 262 | . 66 199 . 210 . . . . 5 . . 262 Average Temperature 77 | . 34 83 . 82 . . . . 4 . . 89 Received Heat Transfer 1205 | . . 27 . 135 . . . . 261 30 36 716 Siege Activations . | . . . . . . . . . . . . . Martial Activations . | . . . . . . . . . . . . . Shielding Activations . | . . . . . . . . . . . . . Robots Disrupted . | . . . . . . . . . . . . . Combat Hostiles . | . . . . . . . . . . . . . Robots Corrupted . | . . . . . . . . . . . . . Combat Hostiles . | . . . . . . . . . . . . . Parts Fried 1 | 1 . . . . . . . . . . . . Impact Corruptions . | . . . . . . . . . . . . . Robots Melted 1 | . . . . . . . . . . . . 1 Combat Hostiles 1 | . . . . . . . . . . . . 1 Parts Melted 3 | . . . . . . . . . . . . 3 Heat Transferred 1887 | . 74 296 148 333 . . . . . . . 1036 Parts Sabotaged . | . . . . . . . . . . . . . Parts Stolen . | . . . . . . . . . . . . . Parts Stripped . | . . . . . . . . . . . . . Power Chain Reactions . | . . . . . . . . . . . . . Alert | -11 -10 -10 -10 -8 -7 -7 -7 -7 -6 -6 -5 -5 ------- Run | Yrd Mat Min Sub Mat Fac Low Low Zio Pro Fac Fac Ext Maximum Alert Level . | . . . . . . . . . . . . . Low Security (%) 100 | 100 100 100 . 100 100 . . . . 100 100 100 Level 1 . | . . . . . . . . . . . . . Level 2 . | . . . . . . . . . . . . . Level 3 . | . . . . . . . . . . . . . Level 4 . | . . . . . . . . . . . . . Level 5 . | . . . . . . . . . . . . . High Security . | . . . . . . . . . . . . . Max Security . | . . . . . . . . . . . . . Peak Influence 175 | 5 120 35 . 175 41 . . . . 14 31 142 Initial 41 | . . . . 13 41 . . . . . . 1 Average 27 | . 36 16 . 95 12 . . . . 1 9 20 Influence Increases 1671 | 5 152 55 65 321 14 45 50 . 271 17 38 638 Destroy 0b10 Robot/C 880 | . 120 20 40 160 . 20 40 . 160 . . 320 Destroy 0b10 Robot/NC 30 | 5 . 20 . . . . . . . . . 5 Destroy Leader 152 | . 20 . 10 40 . 10 10 . 20 . . 42 Allied During Kill 123 | . . . . . . . . . 31 . . 92 Successful Hack 147 | . 12 . . . 14 . . . . 17 34 70 Disable Machine 15 | . . 15 . . . . . . . . . . Destroy Structure 9 | . . . . 1 . . . . . . 4 4 Lose Combat Pursuer 315 | . . . 15 120 . 15 . . 60 . . 105 Influence Decreases 1671 | 5 152 55 40 255 105 45 50 . 271 17 35 641 Entered New Map 64 | . . . . 12 50 . . . . . . 2 Time Decay 1113 | 5 152 55 40 173 55 45 50 . 146 17 35 340 Lost Part 362 | . . . . 70 . . . . 74 . . 218 Lost Ally 132 | . . . . . . . . . 51 . . 81 Squads Dispatched 9 | . 1 . . 2 2 . . . . 1 2 1 Investigation 4 | . 1 . . . 1 . . . . . 1 1 Extermination . | . . . . . . . . . . . . . Reinforcement 4 | . . . . 2 1 . . . . . 1 . Assault . | . . . . . . . . . . . . . Garrison 1 | . . . . . . . . . . 1 . . Intercept . | . . . . . . . . . . . . . Searches Triggered . | . . . . . . . . . . . . . Construction Impeded . | . . . . . . . . . . . . . Haulers Reinforced . | . . . . . . . . . . . . . Active Scanning Responses . | . . . . . . . . . . . . . Cargo Convoy Interrupts . | . . . . . . . . . . . . . Stealth | -11 -10 -10 -10 -8 -7 -7 -7 -7 -6 -6 -5 -5 --------- Run | Yrd Mat Min Sub Mat Fac Low Low Zio Pro Fac Fac Ext Distress Signals 3 | . 2 . . . . . . . . 1 . . Communications Jammed . | . . . . . . . . . . . . . Distress Signals . | . . . . . . . . . . . . . Times Spotted 115 | . 9 2 4 22 2 3 4 . 22 5 3 39 Peak Tracking Total 10 | . 4 2 2 6 2 2 4 . 6 3 3 10 Tactical Retreats 13 | . . . 1 4 . 1 . . 4 . . 3 Traps | -11 -10 -10 -10 -8 -7 -7 -7 -7 -6 -6 -5 -5 ------- Run | Yrd Mat Min Sub Mat Fac Low Low Zio Pro Fac Fac Ext Traps Triggered 1 | . 1 . . . . . . . . . . . Indirectly . | . . . . . . . . . . . . . Trap Hack Attempts . | . . . . . . . . . . . . . Triggered . | . . . . . . . . . . . . . Disarmed 1 | . . . . . . . . . . . . 1 Reprogrammed . | . . . . . . . . . . . . . Reused . | . . . . . . . . . . . . . Traps Extracted . | . . . . . . . . . . . . . Installed . | . . . . . . . . . . . . . Triggered . | . . . . . . . . . . . . . Machines | -11 -10 -10 -10 -8 -7 -7 -7 -7 -6 -6 -5 -5 ---------- Run | Yrd Mat Min Sub Mat Fac Low Low Zio Pro Fac Fac Ext Machines Disabled 2 | . . 1 . . . . . . . . . 1 Max in Single Turn 1 | . . 1 . . . . . . . . . . Machines Repaired . | . . . . . . . . . . . . . Machines Dismantled . | . . . . . . . . . . . . . Machines Sabotaged . | . . . . . . . . . . . . . Overloaded Fab Kills . | . . . . . . . . . . . . . Hacking | -11 -10 -10 -10 -8 -7 -7 -7 -7 -6 -6 -5 -5 --------- Run | Yrd Mat Min Sub Mat Fac Low Low Zio Pro Fac Fac Ext Machines Accessed 27 | . 5 . . 1 1 1 2 . 1 5 3 8 Terminals 21 | . 5 . . . 1 . 1 . 1 2 3 8 Fabricators . | . . . . . . . . . . . . . Repair Stations 1 | . . . . . . . . . . 1 . . Recycling Units 3 | . . . . 1 . . . . . 2 . . Scanalyzers . | . . . . . . . . . . . . . Garrison Access . | . . . . . . . . . . . . . Total Hacks 82 | . 17 . . 4 4 7 2 . 1 16 10 21 Successful 48 | . 5 . . 3 1 7 2 . 1 10 6 13 Failed 34 | . 12 . . 1 3 . . . . 6 4 8 Catastrophic 4 | . 2 . . . 1 . . . . 1 . . Database Lockouts . | . . . . . . . . . . . . . Manual 31 | . 16 . . . . . 1 . . 7 4 3 Terminals 64 | . 17 . . . 4 . 1 . 1 10 10 21 Fabricators . | . . . . . . . . . . . . . Repair Stations 2 | . . . . . . . . . . 2 . . Recycling Units 8 | . . . . 4 . . . . . 4 . . Scanalyzers . | . . . . . . . . . . . . . Garrison Access . | . . . . . . . . . . . . . Terminal Hacks 42 | . 5 . . . 1 7 2 . 1 7 6 13 Record 25 | . 4 . . . 1 7 1 . 1 6 2 3 Part Schematic 1 | . . . . . . . . . . . . 1 Prototype ID Bank 2 | . 1 . . . . . . . . . . 1 Open Door 5 | . . . . . . . 1 . . . 1 3 Open DSF 1 | . . . . . . . . . . 1 . . Branch Access Points 2 | . . . . . . . . . . . 1 1 Alert Level 1 | . . . . . . . . . . . . 1 Locate Traps 1 | . . . . . . . . . . . 1 . Disarm Traps 1 | . . . . . . . . . . . . 1 Recall Investigation 1 | . . . . . . . . . . . . 1 Recall Reinforcements 1 | . . . . . . . . . . . 1 . Zone Layout 1 | . . . . . . . . . . . . 1 Fabricator Hacks . | . . . . . . . . . . . . . Repair Station Hacks 1 | . . . . . . . . . . 1 . . Refit 1 | . . . . . . . . . . 1 . . Recycling Unit Hacks 5 | . . . . 3 . . . . . 2 . . Recycle Component 1 | . . . . 1 . . . . . . . . Report Inventory 2 | . . . . 1 . . . . . 1 . . Retrieve Components 2 | . . . . 1 . . . . . 1 . . Scanalyzer . | . . . . . . . . . . . . . Garrison Access Hacks . | . . . . . . . . . . . . . Unauthorized Hacks . | . . . . . . . . . . . . . Terminals . | . . . . . . . . . . . . . Fabricators . | . . . . . . . . . . . . . Repair Stations . | . . . . . . . . . . . . . Recycling Units . | . . . . . . . . . . . . . Scanalyzers . | . . . . . . . . . . . . . Garrison Access . | . . . . . . . . . . . . . Data Cores Recovered . | . . . . . . . . . . . . . Used . | . . . . . . . . . . . . . Hacking Detections 18 | . 6 . . . 1 . . . . 4 2 5 Full Trace Events 5 | . 2 . . . 1 . . . . . 1 1 Feedback Events . | . . . . . . . . . . . . . Feedback Blocked . | . . . . . . . . . . . . . Robot Schematics Acquired . | . . . . . . . . . . . . . Robots Built . | . . . . . . . . . . . . . Authchips . | . . . . . . . . . . . . . Time . | . . . . . . . . . . . . . Total Robot Build Rating . | . . . . . . . . . . . . . Part Schematics Acquired 1 | . . . . . . . . . . . . 1 Parts Built . | . . . . . . . . . . . . . Authchips . | . . . . . . . . . . . . . Time . | . . . . . . . . . . . . . Total Part Build Rating . | . . . . . . . . . . . . . Part Studies Acquired . | . . . . . . . . . . . . . Parts Repaired . | . . . . . . . . . . . . . Time . | . . . . . . . . . . . . . Parts Recycled 1 | . . . . 1 . . . . . . . . Recycled Matter . | . . . . . . . . . . . . . Retrieved Matter . | . . . . . . . . . . . . . Retrieved Components 5 | . . . . 4 . . . . . 1 . . Parts Scanalyzed . | . . . . . . . . . . . . . Part Schematics Acquired . | . . . . . . . . . . . . . Parts Damaged . | . . . . . . . . . . . . . Bothacking | -11 -10 -10 -10 -8 -7 -7 -7 -7 -6 -6 -5 -5 ------------ Run | Yrd Mat Min Sub Mat Fac Low Low Zio Pro Fac Fac Ext Used RIF Installer . | . . . . . . . . . . . . . Robots Hacked . | . . . . . . . . . . . . . Non-combat . | . . . . . . . . . . . . . Combat . | . . . . . . . . . . . . . Robot Hacks Applied . | . . . . . . . . . . . . . Relay Couplers Released . | . . . . . . . . . . . . . Fabnet Peak Effective % . | . . . . . . . . . . . . . Robots Rewired 11 | . . . . . . . . . . . . 11 Allies Hacked . | . . . . . . . . . . . . . Hacks Repelled . | . . . . . . . . . . . . . Allies | -11 -10 -10 -10 -8 -7 -7 -7 -7 -6 -6 -5 -5 -------- Run | Yrd Mat Min Sub Mat Fac Low Low Zio Pro Fac Fac Ext Total Allies 28 | . . . . . . 2 . 5 4 1 . 16 Largest Group 9 | . . . . . . 2 . 5 5 1 . 9 Highest-Rated Group 232 | . . . . . . 40 . 112 112 32 . 232 Highest-Rated Ally 85 | . . . . . . 20 . 28 85 32 . 39 Total Orders 2 | . . . . . . . . . . . . 2 FOLLOW 1 | . . . . . . . . . . . . 1 AID 1 | . . . . . . . . . . . . 1 Ally Attacks 94 | . . . . . . . . . 15 . . 79 Total Damage 1862 | . . . . . . . . . 226 . . 1636 Kills 9 | . . . . . . . . . 1 . . 8 Allies Corrupted . | . . . . . . . . . . . . . Allies Melted 1 | . . . . . . . . . 1 . . . Intel | -11 -10 -10 -10 -8 -7 -7 -7 -7 -6 -6 -5 -5 ------- Run | Yrd Mat Min Sub Mat Fac Low Low Zio Pro Fac Fac Ext Active Infowar (turns) 3232 | . . . . 360 113 293 252 127 138 353 135 1461 Optics 2018 | . . . . . . . . . 69 353 135 1461 Sensors 854 | . . . . . 113 293 252 127 69 . . . Terrain 360 | . . . . 360 . . . . . . . . Robot Analysis Total . | . . . . . . . . . . . . . Derelict Logs Recovered 6 | . . . . . . 3 1 1 1 . . . Drone Launches . | . . . . . . . . . . . . . Drone Recoveries . | . . . . . . . . . . . . . Exploration | -11 -10 -10 -10 -8 -7 -7 -7 -7 -6 -6 -5 -5 ------------- Run | Yrd Mat Min Sub Mat Fac Low Low Zio Pro Fac Fac Ext Turns Passed 5877 | 136 468 131 206 392 226 506 703 127 1033 353 135 1461 Spaces Moved 4900 | 80 259 91 249 297 185 428 656 116 938 301 151 1149 Core 369 | 6 . . . . 52 . . . 9 240 . 62 Treads 467 | 74 259 25 . . . . . . . . . 109 Legs 596 | . . . . . . . . . . . . 596 Wheels 2164 | . . . . . 122 428 656 116 842 . . . Hover 1303 | . . 66 249 297 11 . . . 86 61 151 382 Flight 1 | . . . . . . . . . 1 . . . Fastest Speed 35 | 50 160 77 77 77 77 100 100 100 35 50 66 50 Average Speed 102 | 151 160 101 77 91 98 100 105 100 96 107 73 104 Slowest Speed 250 | 160 160 170 77 147 100 100 115 100 250 250 80 250 Overloaded Moves . | . . . . . . . . . . . . . Propulsion Burnouts . | . . . . . . . . . . . . . Robots Hopped . | . . . . . . . . . . . . . Potential Cave-ins . | . . . . . . . . . . . . . Cave-ins Triggered . | . . . . . . . . . . . . . Exploration Rate (%) 29 | 5 43 16 9 26 6 52 67 9 88 8 3 53 Regions Visited 12 Branch Regions 7 Pre-discovered Areas . | . . . . . . . . . . . . . Known Exits Taken 3 | . . . . . . . . . 1 1 1 . Unknown Exits Taken 9 | 1 1 1 1 1 1 1 1 1 . . . . Scrap Searched 8 | . . . . . . 4 4 . . . . . Spaces Dug 2 | . . . . . . . . . . . 2 . Terrain Destroyed 2 | . . . . . . . . . . . 2 . Melee 2 | . . . . . . . . . . . 2 . Projectile . | . . . . . . . . . . . . . AOE . | . . . . . . . . . . . . . Terrain Rammed . | . . . . . . . . . . . . . Walls Destroyed . | . . . . . . . . . . . . . Machines Disabled . | . . . . . . . . . . . . . Actions | -11 -10 -10 -10 -8 -7 -7 -7 -7 -6 -6 -5 -5 --------- Run | Yrd Mat Min Sub Mat Fac Low Low Zio Pro Fac Fac Ext Total 5508 | 88 285 107 253 367 229 500 667 126 1058 334 163 1331 Wait 231 | . 4 4 . 12 31 56 . 11 56 19 . 38 Move 4888 | 79 258 90 248 296 184 427 655 115 937 300 150 1149 Hop . | . . . . . . . . . . . . . Pick Up 35 | 1 6 . . 6 2 2 4 . 3 2 1 8 Fast Attach 67 | 6 2 . . 5 5 6 1 . 2 1 3 36 Attach 24 | . 1 . . 4 . . . . 11 1 1 6 Detach 8 | . . . . 2 2 2 . . 1 . . 1 Swap 16 | . 1 3 . 2 . 2 . . 2 . . 6 Drop 30 | . . . . 8 5 2 4 . 1 . . 10 Fire 97 | 2 13 10 5 32 . . . . . . . 35 Melee 84 | . . . . . . 3 3 . 45 11 8 14 Ram 5 | . . . . . . . . . . . . 5 Kick . | . . . . . . . . . . . . . Crush 1 | . . . . . . . . . . . . 1 Escape Stasis . | . . . . . . . . . . . . . Rewire 22 | . . . . . . . . . . . . 22 Trap . | . . . . . . . . . . . . . Miscellaneous . | . . . . . . . . . . . . . Route ------- -11/Scrapyard -10/Materials (discovered 2 exits: [*Mat] / [*Min]) -10/Mines -10/Subcaves -8/Materials -7/Factory -7/Lower Caves -7/Lower Caves (discovered 2 exits: Fac / [*Zio]) -7/Zion -6/Proximity Caves -6/Factory (discovered 4 exits: *Fac x2 / Low x2) -5/Factory (discovered 4 exits: Upp x2 / *Ext x2) -5/Extension (discovered 1 exit: Cet) History --------- Turn | Location | Event 52 | -11/Scrapyard | Discovered new exit (range 13) 137 | -11/Scrapyard | Entered Materials 304 | -10/Materials | Build established: Mutant 370 | -10/Materials | Discovered new exit (range 16) 555 | -10/Materials | Discovered new exit (range 11) 605 | -10/Materials | Entered Mines 606 | -10/Mines | Assembled infested the area 611 | -10/Mines | Assisted by a Guerilla fighting off Assembled 723 | -10/Mines | Discovered new exit (range 8) 736 | -10/Mines | Entered Subcaves 742 | -10/Subcaves | Discovered new exit (range 10) 776 | -10/Subcaves | A swath of the cavern ceiling suddenly collapsed 942 | -10/Subcaves | Entered Materials 942 | -8/Materials | Evolved 4 slots: Propulsion x2, Utility x2 1323 | -8/Materials | Discovered new exit (range 10) 1324 | -8/Materials | Core integrity fell below 50% 1332 | -8/Materials | Core integrity fell below 20% 1334 | -8/Materials | Entered Factory 1334 | -7/Factory | Evolved 2 slots: Propulsion x1, Utility x1 1348 | -7/Factory | Lost 5 parts (1p2u2w) 1524 | -7/Factory | Discovered new exit (range 15) 1560 | -7/Factory | Entered Lower Caves 1581 | -7/Lower Caves | Learned Factory emergency access door positions 1588 | -7/Lower Caves | Learned location of 1 exit from Proximity Caves 1875 | -7/Lower Caves | A Commander dispatched an escort 1902 | -7/Lower Caves | Learned Extension trap positions 1902 | -7/Lower Caves | Learned Research emergency access door positions 1902 | -7/Lower Caves | Learned Factory terminal intel 2046 | -7/Lower Caves | Learned location of 1 exit from Factory 2047 | -7/Lower Caves | Discovered new exit (range 5) 2066 | -7/Lower Caves | Entered another Lower Caves area 2066 | -7/Lower Caves | Accompanied by 2 allies 2067 | -7/Lower Caves | Commander's escort returned to base 2067 | -7/Lower Caves | Commander's escort returned to base 2067 | -7/Lower Caves | Identified exit to Factory 2178 | -7/Lower Caves | Build established: Derelict-Gladiator 2229 | -7/Lower Caves | Learned Factory trap positions 2365 | -7/Lower Caves | Encountered a Warlord checkpoint 2521 | -7/Lower Caves | Discovered new exit (range 15) 2769 | -7/Lower Caves | Entered Zion 2851 | -7/Zion | Discovered new exit (range 12) 2864 | -7/Zion | Gained Derelict followers 2896 | -7/Zion | Entered Proximity Caves 2896 | -6/Proximity Caves | Accompanied by 5 allies 3123 | -6/Proximity Caves | Spotted B-75 Beast 3287 | -6/Proximity Caves | Lost 3 parts (1p2u) 3294 | -6/Proximity Caves | Learned Factory stockpile data 3536 | -6/Proximity Caves | Build established: Mutant 3817 | -6/Proximity Caves | Core integrity fell below 50% 3885 | -6/Proximity Caves | Lost 10 parts (1p4n3u2w) 3901 | -6/Proximity Caves | Core integrity fell below 20% 3929 | -6/Proximity Caves | Entered Factory 3929 | -6/Factory | Evolved 2 slots: Utility x2 3930 | -6/Factory | Identified exit to Factory 3930 | -6/Factory | Identified exit to Lower Caves 3932 | -6/Factory | Loaded intel: 72 trap records 3935 | -6/Factory | Loaded intel: 26 terminal locations 4160 | -6/Factory | Garrison activated, responded to threat 4282 | -6/Factory | Entered another Factory area 4282 | -5/Factory | Evolved 2 slots: Utility x2 4302 | -5/Factory | Identified exit to Upper Caves 4302 | -5/Factory | Identified exit to Extension 4417 | -5/Factory | Entered Extension 4418 | -5/Extension | Loaded intel: 11 trap records 4420 | -5/Extension | Lost 4 parts (1p1n2w) 4574 | -5/Extension | Spotted B-75 Beast 4828 | -5/Extension | Lost 12 parts (1p3n6u2w) 4925 | -5/Extension | Identified exit to Cetus 4948 | -5/Extension | Core integrity fell below 50% 4958 | -5/Extension | Lost 4 allies 5048 | -5/Extension | Core integrity fell below 20% 5074 | -5/Extension | Rescued a captive Derelict 5075 | -5/Extension | Rescued a captive Derelict 5081 | -5/Extension | Lost 16 parts (2p4n7u3w) 5250 | -5/Extension | Rescued a captive Derelict 5250 | -5/Extension | Rescued a captive Derelict 5315 | -5/Extension | Rescued a captive Derelict 5371 | -5/Extension | Build established: Scavenger-Mutant 5515 | -5/Extension | Lost 3 allies 5790 | -5/Extension | Destroyed B-75 Beast 5811 | -5/Extension | Spotted B-75 Beast 5878 | -5/Extension | Destroyed by B-75 Beast with Heavy Plasma Cannon Last Messages --------------- Slug penetrates 7D-I8N(b). Slug penetrates JQ-AD8(b). Y-64 Sentinel suffers critical hit (Smash). JQ-AD8(b) destroyed. Slug penetrates 7D-I8N(b). 7D-I8N(b) destroyed. Slug penetrates 82-CMG(b). Slug penetrates ZL-4DU(b). ZL-4DU(b) suffers critical hit (Destroy). R-10 Processor destroyed. EY-8CP(g) destroyed. Acquired Flexi-carbon Leg. Slug penetrates ZL-4DU(b). ZL-4DU(b) destroyed. Penetrated by Slug. Imp. Medium Armor Plating destroyed. Slug penetrates Wall. Flexi-carbon Leg destroyed. Penetrated by Slug. Slug penetrates Wall. Map ----- +----------------------------------------------------+ | #???# ##"R #????????????????????? | | ##???# ##""" %!= #????????????????????? | | ?????# ##""" ! % #????????????????????? | | ?????# ##### %=% #????????????????????? | | ?#####+##### ########%##???????????????????? | | ?# # #??????#[##???????????????????? | | ?# + "T" #??????# #????????????????????? | | ?# #######+###????# #????????????????????? | | ?# #?????# !#????# #????????????????????? | | ?###########?????# #????# #????????????????????? | | ?????????????????# #????#^#????????????????????? | | ?????????????????# ! #????#^#????????????????????? | | ?????????????????# #????# #????????????????????? | | ?????????????????# #????# #????????????????????? | | ?????????????????# #????# #????????????????????? | | ?????????????????# #????# #????????????????????? | | ?????????????????#= #????# #????????????????????? | | ?????????????????#####????# #????????????????????? | | ??????????????????????????? #????????????????????? | | ??????????????????????????#u#??##?##?????????????? | | ????????????????????????### ### ## ###???????????? | | ????????????????????????#"" "" "" ""#???????? | | ????????????????????????# "R" " " #???????? | | ????????????????????????# ! #???????? | | ????????????????????????# =%%/ R #???????? | | #########################@ !=* ###?????? | | Y! !%/Y ????? | | ! % %==%[ R ????? | | %!%] ! =! ???? | | %!%!!=% % ???? | | !%*!!%%! !%* ????? | | #########################! %% BB #???????? | | ???????????????????????##!!! % BB #???????? | | ????????????????????????#*%% #???????? | | ??????????????????????###%= #???????? | | ??????????????????????# # #???????? | | ??????????????????????########%#"""#######???????? | | ?????????????????????????????###?????????????????? | | ?????????????????????????????????????????????????? | | | | | | | | | | | | | | | | | | | | | | | +----------------------------------------------------+ Best States ------------- Heat Dissipation 97 Energy Generation 21 Energy Capacity 315 Matter Stores 300 Matter Capacity 300 Sight Range 18 Robot Scan Range 15 Terrain Scan Range 16 Terrain Scan Density 210 Armor Coverage 450 Resistance: TH 20 Weapon Shielding 15 Weapon Cycling 20 Melee Speed Boost 20 Evasion (%) 55 Melee Accuracy 18 Recoil Reduction 3 Offensive Hacking 10 Trap Extractor Capacity 8 Item Schematics ----------------- Imp. Plasma Cutter | -5/Extension | Hacked Robot Schematics ------------------ None Fabricated ------------ Nothing Repaired ---------- Nothing Studied --------- None Alien Tech Used ----------------- None Achievements -------------- A New Friend Close Call Error 47 Factory Defaults Ghost 'Em Omniscient Cartographer The More The Merrier Challenges ------------ None Game ------ Seed RainbowGunBattery Manual? 0 Play Time 01:19:41 Cumulative 16.5 hours Start 2025.10.31 @ 14:38:08 End 2025.11.03 @ 01:52:59 Sessions 1 Manual Loads 0 Difficulty Rogue Special Mode None Game No. 12 Rogue 12 Adventurer 0 Explorer 0 Win Type - Total 1 Types 1/0/0/0/0/0/0/0/0/0 Lore% 15 Gallery% 19 Achievement% 21 Wizard Run 0 Options --------- Layout 0 ASCII 1 Keyboard 1 Movement Arrows Keybinds 0 Fullscreen 2 Font 18/SmallcapsGlow Map View 76x50 Zoom Use 0% Tactical HUD 0 Map Filters NONE Filters NONE Steam 1 RUN: 1e8d7b09-2fdf-4dda-acfa-0ae272a4cbd3